 Dungeon Crawl Stone Soup version 0.15-a0-429-gf5d7e11 (webtiles) character file.

304 PolkaDot the Vexing (level 5, -4/35 HPs)
             Began as a Vampire Enchanter on May 6, 2014.
             Slain by an ogre
             ... wielding a +0,+0 giant spiked club
              (10 damage)
             ... on Level 4 of the Dungeon.
             The game lasted 00:10:35 (3179 turns).

PolkaDot the Vexing (Vampire Enchanter)             Turns: 3179, Time: 00:10:35

HP  -4/35        AC  9     Str  7      XL: 5   Next: 29%
MP   7/9         EV 13     Int 17      God:
Gold 129         SH  0     Dex 16      Spells:  2 memorised,  5 levels left

rFire  . . .     SeeInvis +     s - +4,+0 dagger (protect)
rCold  + + .     Clarity  .     b - +1 robe
rNeg   + + +     Conserve +     (no shield)
rPois  +         rCorr    .     (no helmet)
rElec  .         rRot     +     a - +0 cloak
SustAb . .       Spirit   .     (no gloves)
rMut   .         Warding  .     (no boots)
Saprov . . .     Stasis   .     r - amulet of conservation
MR     .....                    h - ring of poison resistance
                                m - +1 ring of dexterity

@: non-regenerating, not resistant to hostile enchantments, stealthy
A: fangs 3, see invisible, unbreathing
a: Bat Form


You were on level 4 of the Dungeon.
You were bloodless.

You visited 1 branch of the dungeon, and saw 4 of its levels.

You collected 129 gold pieces.

Inventory:

Hand weapons
 s - a +4,+0 dagger of protection (weapon)
Missiles
 d - 10 darts (quivered)
Armour
 a - a +0 cloak (worn)
 b - a +1 robe (worn)
Scrolls
 g - 2 scrolls of identify
 j - 3 scrolls of teleportation
 o - 2 scrolls of blinking {unknown}
 p - a scroll of enchant armour {unknown}
 u - a scroll of fear {unknown}
 v - a scroll of remove curse
Jewellery
 h - a ring of poison resistance (right hand)
 m - a +1 ring of dexterity (left hand)
 r - an amulet of conservation (around neck)
Potions
 f - a potion of haste
 k - 5 potions of curing
 l - 2 potions of heal wounds
 n - a potion of restore abilities
 t - a potion of resistance
Books
 c - a book of Maledictions

   Spells                             Type                      Level
   *Corona                            Hexes                        1
   Sure Blade                         Hexes/Charms                 2
   *Ensorcelled Hibernation           Hexes/Ice                    2
   Confuse                            Hexes                        3
   Dazzling Spray                     Conjuration/Hexes            3
   Enslavement                        Hexes                        4
 q - a book of Envenomations

   Spells                             Type                      Level
   Spider Form                        Transmutation/Poison         3
   Alistair's Intoxication            Transmutation/Poison         4
   Olgreb's Toxic Radiance            Poison                       4
   Poisonous Cloud                    Conjuration/Poison/Air       6


   Skills:
 - Level 2.1 Short Blades
 - Level 0.7 Throwing
 - Level 2.1 Dodging
 + Level 5.5 Stealth
 - Level 2.0 Spellcasting
 * Level 7.1 Hexes


You had 5 spell levels left.
You knew the following spells:

 Your Spells              Type           Power        Failure   Level  Hunger
a - Corona                Hex            ####...      1%          1    #......
d - Ensorcelled Hibernat  Hex/Ice        ##....       10%         2    ###....


Dungeon Overview and Level Annotations

Branches:
Dungeon (4/15)
 Temple: D:4-7

Altars:
Vehumet


Innate Abilities, Weirdness & Mutations

You do not heal naturally.
You have razor-sharp teeth.*
You have supernaturally acute eyesight.
You can survive without breathing.*


Message History

Found an escape hatch in the ceiling.
The ogre shouts!
The ogre barely misses you.
Casting: Ensorcelled Hibernation
Confirm with . or Enter, or press ? or * to list all spells.
Aiming: Ensorcelled Hibernation
Press: ? - help, Shift-Dir - straight line, f - ogre
Aim: an ogre, wielding a giant spiked club The ogre looks drowsy...
The helpless ogre fails to defend itself.
You bite the ogre, and draw its blood!
You feel slightly less thirsty.
You slice the ogre!!
The ogre is almost dead.
The ogre hits you with a giant spiked club!
Ouch! That really hurt!
* * * LOW HITPOINT WARNING * * *
You hit the ogre but do no damage.
The ogre is almost dead.
The ogre hits you with a giant spiked club!
You die...

***,****** *** ####.########...#
************ *##...............##
,,,,,,,,,,,,,....................
***,*******,***#.##...........###
*,* *#,** #.#...######...#
*,******...###......## #...#
*,,,,,,......$.......####..>#
****,,*,,,.....#...<.......>..#*
,,,,,***,,,...,#@......##......*
*** ,,*,,,,,,,,#.O....###......#*
,,***,,,**,,,,,..#...## #.##....,
*,* **,***,,,*#####.## *,*##..**
*,* *,* ** ** #.#****, ,,,,** *,*
*,* #.. ,,,,,,,,,,, *,* *,*
*###******,*,** *,* *,* **,*,**
*,* *,* ****,,,,,*


You could see an ogre.

Vanquished Creatures
  An orc priest (D:3)
  Jessica (D:2)
  Terence (D:3)
  2 adders
  3 worms
  2 giant geckos
  2 oozes
  4 orcs
  7 goblins
  5 hobgoblins
  14 jackals
  2 ball pythons
  9 bats
  4 giant cockroaches
  2 giant newts (D:2)
  2 kobolds
  2 quokkas (D:3)
  4 rats
67 creatures vanquished.

Vanquished Creatures (others)
  A hobgoblin (D:2)
1 creature vanquished.

Grand Total: 68 creatures vanquished

Notes
Turn   | Place    | Note
--------------------------------------------------------------
     0 | D:1      | PolkaDot, the Vampire Enchanter, began the quest for the Orb.
     0 | D:1      | Reached XP level 1. HP: 13/13 MP: 3/3
   323 | D:1      | Reached XP level 2. HP: 17/19 MP: 2/4
   827 | D:1      | Reached skill level 5 in Hexes
   972 | D:2      | Learned a level 2 spell: Ensorcelled Hibernation
  1115 | D:2      | Reached XP level 3. HP: 11/24 MP: 1/6
  1477 | D:2      | Found a radiant altar of Vehumet.
  1632 | D:2      | Noticed Jessica
  1637 | D:2      | Killed Jessica
  1700 | D:2      | Reached XP level 4. HP: 30/30 MP: 4/7
  1830 | D:2      | Reached skill level 6 in Hexes
  1877 | D:3      | Noticed Terence
  1885 | D:3      | Killed Terence
  2228 | D:3      | Reached skill level 5 in Stealth
  2952 | D:3      | Reached skill level 7 in Hexes
  2952 | D:3      | Reached XP level 5. HP: 32/35 MP: 3/9
  3171 | D:4      | Noticed an ogre
  3179 | D:4      | Slain by an ogre

Action                   |  1- 3 |  4- 6 || total
-------------------------+-------+-------++-------
Melee: Dagger            |   130 |   130 ||   260
Throw: Dart              |    11 |       ||    11
 Cast: Corona            |    13 |     1 ||    14
       Ensorcelled Hiber |     2 |    23 ||    25
  Use: Potion            |     2 |       ||     2
       Scroll            |       |     8 ||     8
 Stab: Sleeping          |     7 |    21 ||    28
